 Seeded DCSS version 0.28-a0-1567-g1695149f81 (webtiles) character file.

Game seed: 263 (custom seed)

1581 knot the Cleaver (level 8, -1/87 HPs)
             Began as a Demonspawn Berserker on Jan 20, 2022.
             Was a Follower of Trog.
             Slain by an orc warrior (14 damage)
             ... on level 6 of the Dungeon.
             The game lasted 00:04:27 (8101 turns).

knot the Cleaver (Demonspawn Berserker)             Turns: 8101, Time: 00:04:28

Health: -1/87      AC:  2    Str: 17    XL:     8   Next: 60%
Magic:  8/8        EV: 12    Int: 17    God:    Trog [*.....]
Gold:   366        SH:  0    Dex: 13    Spells: 7/7 levels left

rFire   . . .      SeeInvis .   a - +0 hand axe
rCold   . . .      Faith    .   (no shield)
rNeg    . . .      Spirit   .   b - +0 animal skin
rPois   .          Reflect  .   (no helmet)
rElec   .          Harm     .   (no cloak)
rCorr   .          Rampage  .   (no gloves)
Will    .....                   (no boots)
Stlth   ..........              o - amulet of the acrobat
HPRegen 0.24/turn               y - +4 ring of slaying
MPRegen 0.11/turn               (no ring)

@: berserking, very quick
A: claws 2, big brain 3
a: Renounce Religion, Berserk


You were on level 6 of the Dungeon.
You worshipped Trog.
Trog was aware of your devotion.
You visited 1 branch of the dungeon, and saw 6 of its levels.

You collected 366 gold pieces.

Inventory:

Hand Weapons
 a - a +0 hand axe (weapon)
Missiles
 d - 240 stones (quivered)
 f - 9 poisoned darts
 h - 47 sling bullets
 n - 5 javelins
 t - a boomerang
Armour
 b - a +0 animal skin (worn)
Jewellery
 o - an amulet of the acrobat (around neck)
 y - a +4 ring of slaying (left claw)
Wands
 q - a wand of mindburst (1)
 w - a wand of polymorph (12)
Scrolls
 e - a scroll of fear {unknown}
 g - 2 scrolls of vulnerability {unknown}
 i - a scroll of immolation {unknown}
 j - a scroll of fog {unknown}
 l - a scroll of amnesia {unknown}
 m - 5 scrolls of identify {unknown}
 r - a scroll of teleportation {unknown}
 u - a scroll of enchant weapon {unknown}
Potions
 c - 3 potions of attraction {unknown}
 k - a potion of heal wounds {unknown}
 p - a potion of brilliance {unknown}
 s - a potion of haste {unknown}
 v - a potion of ambrosia {unknown}
 x - 2 potions of invisibility {unknown}
Miscellaneous
 z - a piece from Xom's chessboard (15/15)


   Skills:
 - Level 3.0 Fighting
 + Level 10.4 Axes
 - Level 1.7 Armour
 - Level 1.7 Dodging


You had 7 spell levels left.
You didn't know any spells.
Your spell library contained the following spells:

 Spells                   Type           Power      Damage    Failure   Level
 Animate Skeleton         Necr           0%         N/A       10%         1
 Beastly Appendage        Tmut           0%         N/A       10%         1
 Pain                     Necr           0%         1d4       10%         1
 Wereblood                Tmut           0%         N/A       14%         2
 Call Canine Familiar     Summ           0%         N/A       26%         3
 Portal Projectile        Hex/Tloc       0%         N/A       26%         3
 Spider Form              Tmut/Pois      0%         N/A       26%         3
 Vampiric Draining        Necr           0%         2d6       26%         3
 Leda's Liquefaction      Hex/Erth       0%         N/A       65%         4


Dungeon Overview and Level Annotations

Branches:
Dungeon (6/15)
 Temple: D:4-7

Altars:
Ashenzari
Makhleb
Nemelex Xobeh
Qazlal
Sif Muna
Xom


Innate Abilities, Weirdness & Mutations

You have very sharp fingernails.
You have an absolutely massive brain. (Int +6, Wiz)


Message History

You climb downwards.
There is a stone staircase leading up here.
You open the door.
There is an open door here.
d - 240 stones (gained 21)
Found a stone staircase leading down.
Found a stone staircase leading up.
z - a piece from Xom's chessboard (15/15)
An orc comes into view. It is wielding a +0 hand axe.
An orc warrior comes into view. It is wielding a +0 hand axe.
The orc warrior shouts!
The orc shouts!
An orc priest comes into view. It is wielding a +0 hand axe.
Found a scroll labelled MUATAC ZAADUK.
The orc priest shouts!
The orc priest invokes the aid of Beogh against you.
Beogh smites you!
You closely miss the orc warrior. You barely miss the orc warrior.
You slash the orc!
The orc warrior hits you with a +0 hand axe!
You hit the orc.
You kill the orc!
Trog accepts your kill.
You hit the orc warrior but do no damage.
The orc warrior hits you with a +0 hand axe!
You are too injured to fight recklessly!
You are too injured to fight recklessly!
You are too injured to fight recklessly!
A red film seems to cover your vision as you go berserk!
You feel yourself moving faster!
You feel mighty!
The orc priest invokes the aid of Beogh against you.
Pain shoots through your body!
* * * LOW HITPOINT WARNING * * *
The orc warrior closely misses you.
You slice the orc warrior!!
The orc warrior is severely wounded.
You hit the orc priest.
The orc priest hits you with a +0 hand axe.
* * * LOW HITPOINT WARNING * * *
The orc warrior hits you with a +0 hand axe!
You die...

.................... ..
.####...8888.888.#####..
.####...8888.888........
........................
.......#....#...........
.......#....#......<....
###....#....#...........
..###'###...#..........?
........#####...@)......
........# #...oo..#+##
........# #.......#
........# #.......+
........# #.......#
........# #.......#
..####### ######### ###


You could see an orc warrior and an orc priest.

Vanquished Creatures
  Pikel (D:5)
  A water moccasin (D:5)
  An ogre (D:5)
  2 black bears (D:5)
  A centaur (D:5)
  2 phantoms
  4 lemures (D:5)
  A bullfrog (D:3)
  2 scorpions
  A water moccasin skeleton (D:5)
  2 orc priests
  An iguana (D:4)
  Ijyb (D:5)
  A mummy (D:5)
  4 gnolls (D:3)
  5 adders
  2 shadow imps (D:5)
  A white imp (D:5)
  An ufetubus (D:4)
  An adder skeleton (D:4)
  A worm (D:2)
  12 orcs
  2 endoplasms
  3 giant cockroaches
  6 hobgoblins
  8 kobolds
  3 quokkas
  7 ball pythons
  A bat (D:3)
  8 frilled lizards
  6 goblins
  2 rats
94 creatures vanquished.

Vanquished Creatures (others)
  5 dream sheep (D:5)
  14 plants (D:4)
19 creatures vanquished.

Grand Total: 113 creatures vanquished

Notes
Turn   | Place    | Note
-------+----------+-------------------------------------------
     0 | D:1      | knot the Demonspawn Berserker began the quest for the Orb.
     0 | D:1      | Reached XP level 1. HP: 18/18 MP: 1/1
   314 | D:1      | Reached skill level 3 in Axes
   517 | D:1      | Found a faded altar of an unknown god.
   528 | D:1      | Gained mutation: You have an unusually large brain. (Int
                  | +2) [demonic ancestry]
   528 | D:1      | Reached XP level 2. HP: 15/24 MP: 2/2
  1521 | D:2      | Found a burning altar of Makhleb.
  1739 | D:2      | Reached XP level 3. HP: 8/29 MP: 3/3
  1741 | D:2      | Reached skill level 4 in Axes
  2898 | D:3      | Gained mutation: You have an extremely huge brain. (Int +4)
                  | [demonic ancestry]
  2898 | D:3      | Reached XP level 4. HP: 32/35 MP: 4/4
  3279 | D:3      | Noticed a phantom
  3294 | D:3      | Killed a phantom
  3295 | D:3      | Reached skill level 5 in Axes
  3295 | D:3      | Gained mutation: You have sharp fingernails. [demonic
                  | ancestry]
  3295 | D:3      | Reached XP level 5. HP: 6/41 MP: 5/5
  3775 | D:3      | Found a sparkling altar of Nemelex Xobeh.
  3936 | D:3      | Found a stormy altar of Qazlal.
  3988 | D:3      | Reached skill level 6 in Axes
  5124 | D:4      | Gained mutation: You have an absolutely massive brain. (Int
                  | +6, Wiz) [demonic ancestry]
  5124 | D:4      | Reached XP level 6. HP: 15/47 MP: 6/6
  6308 | D:4      | Found a shimmering blue altar of Sif Muna.
  6563 | D:5      | Entered Level 5 of the Dungeon
  6573 | D:5      | Reached skill level 7 in Axes
  6765 | D:5      | Gained mutation: You have very sharp fingernails. [demonic
                  | ancestry]
  6765 | D:5      | Reached XP level 7. HP: 52/52 MP: 7/7
  6856 | D:5      | Found a broken altar of Ashenzari.
  7012 | D:5      | Reached skill level 8 in Axes
  7026 | D:5      | Noticed Ijyb
  7037 | D:5      | Killed Ijyb
  7044 | D:5      | Reached skill level 9 in Axes
  7044 | D:5      | Reached XP level 8. HP: 21/58 MP: 8/8
  7286 | D:5      | Found a sand-covered staircase.
  7394 | D:5      | Noticed Pikel
  7415 | D:5      | Killed Pikel
  7416 | D:5      | Reached skill level 10 in Axes
  7926 | D:5      | Noticed a dream sheep
  7926 | D:5      | Noticed a dream sheep
  7926 | D:5      | Noticed a dream sheep
  7926 | D:5      | Noticed a dream sheep
  7926 | D:5      | Noticed a dream sheep
  7926 | D:5      | Found a shimmering altar of Xom.
  7931 | D:5      | Killed a dream sheep
  7931 | D:5      | Killed a dream sheep
  7931 | D:5      | Killed a dream sheep
  7931 | D:5      | Killed a dream sheep
  7932 | D:5      | Killed a dream sheep
  8101 | D:6      | Slain by an orc warrior

Illustrated notes

Levels and vault maps discovered:
D:1:      mrwooster_arrival_statue_2, layout_basic,
          ebering_ecumenical_altar_mist, minmay_lizard_pond
D:2:      layout_rooms, basic_altar
D:3:      layout_basic, nicolae_qazlal_eye_of_the_storm, lemuel_crystal_altar,
          moated_statue
D:4:      layout_basic, nicolae_overflow_crystal_walls, serial_bayou_lake_a
D:5:      layout_rooms, kb_xom_exploding_sheep, ashenzari_altar_1,
          gup_ossuary_entry_pyramid, dk_noncrumbling_3, uniq_pikel, uniq_ijyb
D:6:      layout_gridville, lemuel_round_altar, hellmonk_bongcloud_opening

Skill      XL: |  1  2  3  4  5  6  7  8 |
---------------+-------------------------+-----
Axes           | 3 4 5 6 7 9 10 | 10.4
Fighting       | |  3.0
Armour         | |  1.7
Dodging        | |  1.7

Action                   |  1- 3 |  4- 6 |  7- 9 || total
-------------------------+-------+-------+-------++-------
Melee: Hand axe          |   108 |   159 |    69 ||   336
       Punch             |     2 |     1 |       ||     3
Invok: Berserk           |     5 |     6 |     4 ||    15
Evoke: Wand              |       |       |    14 ||    14
 Stab: Sleeping          |     1 |     1 |       ||     2
Armor: Animal skin       |    22 |    21 |    11 ||    54
       Skin              |       |       |     4 ||     4
Dodge: Dodged            |    82 |   100 |    36 ||   218

Table legend: (Time is in decaauts)
 A = Elapsed time spent in this place.
 B = Non-inter-level travel time spent in this place.
 C = Inter-level travel time spent in this place.
 D = Time resting spent in this place.
 E = Time spent auto-exploring this place.
 F = Levels seen in this place.
 G = Mean time per level.
                   A        B        C        D        E       F      G
               +--------+--------+--------+--------+--------+-----+--------+
         Total |   8265 |   8131 |    134 |   3854 |   3579 |   6 | 1377.5 |
       Dungeon |   8265 |   8131 |    134 |   3854 |   3579 |   6 | 1377.5 |
               +--------+--------+--------+--------+--------+-----+--------+

Top non-repeatable levels by time:
     D:3: 2075 daAuts
     D:4: 1672 daAuts
     D:1: 1532 daAuts
     D:5: 1526 daAuts
     D:2: 1414 daAuts
     D:6: 45 daAuts
